 Dungeon Crawl Stone Soup version 0.24.0-123-gd5b16e6ec5 (webtiles) character file.

Game seed: 17083458958863169500, levelgen mode: deterministic

127886 Goreval the Brawler (level 16, 0/137 HPs)
             Began as a Yellow Draconian Transmuter on Jan 15, 2020.
             Was a High Priest of Okawaru.
             Slain by a salamander
             ... wielding a +0 trident
              (8 damage)
             ... on level 1 of the Snake Pit.
             The game lasted 01:36:20 (42708 turns).

Goreval the Brawler (Yellow Draconian Transmuter)  Turns: 42708, Time: 01:36:20

Health: 0/137      AC: 17    Str: 14    XL:     16   Next: 47%
Magic:  0/37       EV: 17    Int: 19    God:    Okawaru [*****.]
Gold:   809        SH:  0    Dex: 12    Spells: 3/31 levels left

rFire    . . .     SeeInvis .     - Unarmed
rCold    . . .     Gourm    .   (shield currently unavailable)
rNeg     . . .     Faith    .   (armour unavailable)
rPois    .         Spirit   +   r - +2 hat
rElec    .         Reflect  .   w - +2 cloak {MR+}
rCorr    +         Harm     .   (gloves currently unavailable)
MR       +++..                  W - +2 pair of boots {Fly}
Stlth    +.........             i - amulet of guardian spirit
HPRegen  0.32/turn              o - ring of magical power
MPRegen  0.25/turn              G - ring of protection from magic

@: lethally poisoned (0 -> -11), blade hands, marked, flying
A: spit acid, unfitting armour, acidic bite, cold-blooded, acid resistance, AC
+9
a: Breathe Acid, End Transformation, Heroism, Finesse, Renounce Religion, Stop
Flying


You were on level 1 of the Snake Pit.
You worshipped Okawaru.
Okawaru was extremely pleased with you.
You were not hungry.
You had blades for hands.
You visited 5 branches of the dungeon, and saw 25 of its levels.
You also visited: Gauntlet.

You collected 2290 gold pieces.
You spent 1481 gold pieces at shops.

Inventory:

Missiles
 a - 729 arrows
 b - 716 stones (quivered)
 h - 6 boomerangs of dispersal
Armour
 m - the +6 buckler "Poggite" (melded) {Int+4 Dex+4}
   (Okawaru gifted it to you on level 13 of the Dungeon)

   It affects your intelligence (+4).
   It affects your dexterity (+4).
 r - a +2 hat (worn)
 w - a +2 cloak of magic resistance (worn)
 H - a +0 shield of reflection
 L - a +0 buckler of cold resistance
 P - a +1 pair of gloves of dexterity (melded)
 W - a +2 pair of boots of flying (worn)
Jewellery
 g - an uncursed ring of protection from fire
 i - an amulet of guardian spirit (around neck)
 o - a ring of magical power (left scythe-like blade)
 G - a ring of protection from magic (right scythe-like blade)
 J - an uncursed amulet of magic regeneration
 V - an uncursed ring of see invisible
Wands
 z - a wand of iceblast (10)
 B - a wand of enslavement (18)
 C - a wand of polymorph (17)
 E - a wand of disintegration (3)
 O - a wand of paralysis (8)
 R - a wand of clouds (7)
 U - a wand of flame (14)
Scrolls
 d - 8 scrolls of remove curse
 e - 5 scrolls of amnesia
 k - a scroll of blinking
 q - 3 scrolls of fear
 s - a scroll of brand weapon {unknown}
 y - 3 scrolls of teleportation
 A - a scroll of enchant armour
 D - 3 scrolls of fog
 F - 6 scrolls of identify
 I - a scroll of summoning
 K - 2 scrolls of magic mapping
Potions
 f - a potion of resistance
 j - 13 potions of curing
 l - 4 potions of flight
 n - 4 potions of heal wounds
 p - a potion of cancellation
 t - 2 potions of mutation
 u - 2 potions of lignification {unknown}
 v - 4 potions of haste
 x - 8 potions of might
 N - 5 potions of brilliance
 Q - a potion of berserk rage
 S - a potion of agility
 T - 2 potions of magic
Miscellaneous
 M - a phantom mirror
Comestibles
 c - 27 rations


   Skills:
 - Level 11.0 Fighting
 - Level 9.0 Dodging
 + Level 16.7 Unarmed Combat
 - Level 8.0 Spellcasting
 - Level 8.0 Charms
 * Level 15.9 Transmutations
 - Level 6.0 Invocations


You had 3 spell levels left.
You knew the following spells:

 Your Spells              Type           Power        Failure   Level  Hunger
a - Song of Slaying       Chrm           #####...     12%         2    None
b - Spider Form           Tmut/Pois      #####.....   16%         3    None
c - Blade Hands           Tmut           ######....   11%         5    #####..
d - Ozocubu's Armour      Chrm/Ice       ###.....     34%         3    None
e - Petrify               Tmut/Erth      #####...     28%         4    ###....
f - Dragon Form           Tmut           ######....   50%         7    #######
k - Swiftness             Chrm/Air       ###.....     24%         2    None
z - Sticks to Snakes      Tmut           ######..     4%          2    None

Your spell library contained the following spells:

 Spells                   Type           Power        Failure   Level  Hunger
 Beastly Appendage        Tmut           ######       3%          1    None
 Regeneration             Chrm/Necr      ###.......   34%         3    None
 Animate Skeleton         Necr           N/A          43%         1    None
 Apportation              Tloc           #.....       43%         1    None
 Confusing Touch          Hex            #.....       43%         1    None
 Corona                   Hex            #......      43%         1    None
 Freeze                   Ice            #...         43%         1    None
 Shock                    Conj/Air       #...         43%         1    None
 Summon Small Mammal      Summ           #...         43%         1    None
 Call Imp                 Summ           #.......     54%         2    None
 Ensorcelled Hibernation  Hex/Ice        #.....       54%         2    None
 Throw Frost              Conj/Ice       #.....       54%         2    None
 Call Canine Familiar     Summ           #.......     69%         3    None
 Confuse                  Hex            #.......     69%         3    None
 Dazzling Spray           Conj/Hex       #.....       69%         3    None
 Gell's Gravitas          Tloc           #.........   69%         3    None
 Static Discharge         Conj/Air       #.......     69%         3    None
 Summon Guardian Golem    Hex/Summ       #.......     69%         3    None
 Tukima's Dance           Hex            #.......     69%         3    None
 Hydra Form               Tmut           ######....   21%         6    ######.
 Ice Form                 Ice/Tmut       #####...     28%         4    ###....
 Irradiate                Conj/Tmut      #####.....   45%         5    #####..
 Yara's Violent Unravell  Hex/Tmut       #####.....   45%         5    #####..
 Statue Form              Tmut/Erth      #####....    86%         6    ######.
 Airstrike                Air            #.........   94%         4    ###....
 Summon Ice Beast         Ice/Summ       #.......     94%         4    ###....
 Summon Lightning Spire   Summ/Air       #.......     94%         4    ###....
 Throw Icicle             Conj/Ice       #.......     94%         4    ###....
 Lightning Bolt           Conj/Air       #.........   99%         5    #####..
 Metabolic Englaciation   Hex/Ice        #.........   99%         5    #####..
 Venom Bolt               Conj/Pois      #.........   99%         5    #####..
 Ring of Flames           Chrm/Fire      ###.......   100%        7    #######


Dungeon Overview and Level Annotations

Branches:
Dungeon (15/15)            Temple (1/1) D:5            Lair (6/6) D:8
 Shoals (0/4) Lair:4        Snake (1/4) Lair:3        Slime (0/5) Lair:5
    Orc (2/2) D:9             Elf (0/3) Orc:2        Vaults (0/5) D:14
 Depths (0/5) D:15        Gauntlet (visited)

Altars:
Ashenzari
Cheibriados
Dithmenos
Elyvilon
Fedhas
Gozag
Hepliaklqana
Kikubaaqudgha
Makhleb
Nemelex Xobeh
Okawaru
Qazlal
Ru
Sif Muna
Trog
Uskayaw
Vehumet
Wu Jian
Xom
Yredelemnul
Zin
The Shining One
Beogh

Shops:
D:9 }   D:13 [   D:14 ?   D:15 =!?(   Orc:1 %   Orc:2 ::[:

Annotations:
D:12 3 runed translucent doors
Orc:1 2 transporters


Innate Abilities, Weirdness & Mutations

You can spit globs of acid.
Your golden yellow scales are hard. (AC +9)
You cannot fit into any form of body armour.
You have acidic saliva.
You are cold-blooded and may be slowed by cold attacks.
You are resistant to acid. (rCorr)


Message History

The salamander mystic completely misses you.
The salamander barely misses you.
You slice the salamander mystic!!
You feel sick.
A naga mage comes into view. It is wielding a +0 halberd.
You barely miss the salamander mystic.
The salamander mystic hits you but does no damage.
The salamander barely misses you.
You hit the salamander mystic.
The naga mage gestures at you while chanting.
The poison arrow hits you!!
You are more poisoned.
* * * LOW HITPOINT WARNING * * *
The salamander mystic hits you with a +0 scimitar.
* * * LOW HITPOINT WARNING * * *
You are engulfed in flames!!
* * * LOW HITPOINT WARNING * * *
The salamander hits you from afar with a +0 trident!
* * * LOW HITPOINT WARNING * * *
You are engulfed in flames!
You die...

............##..#
###...#....
...............#### ....
...........N......## ....
..........#........ ...#....
..........#.####.###...#....
....#.....#.####.##...###...
#.##.#####.##.....N........
#.###...##.≈≈≈≈.≈≈≈≈....
#......@##.≈.......≈....
#.###..N##.≈)≈≈≈≈≈.≈....
#...N((≈)≈...≈.≈N...
##..##(≈(......≈....
#......)≈.≈...≈.≈....
#......(≈.≈≈≈≈≈.≈....
##......≈.......≈....
##.....≈≈≈≈.≈≈≈≈....
##..............##.


You could see a salamander mystic, a salamander and a naga mage.

Vanquished Creatures
  Rupert (D:12)
  Agnes (D:15)
  Kirke (D:15)
  Louise (D:15)
  The ghost of Qaicwuxe the Black Sun, a journeyman DsNe of Kikubaaqudgha (Orc:1)
  A minotaur (Gauntlet)
  A death ooze (Gauntlet)
  6 hydras
  5 centaur warriors
  5 catoblepae
  13 death yaks
  2 anacondas (Snake:1)
  22 two-headed ogres
  4 tengu warriors
  4 ogre magi (Orc:2)
  A death knight (D:12)
  A salamander mystic (Snake:1)
  3 wizards
  2 naga ritualists (Snake:1)
  A sea snake (shapeshifter) (D:15)
  A glowing orange brain (D:15)
  2 unseen horrors
  A sea snake (Snake:1)
  A lindwurm (Lair:6)
  An orc knight (Orc:1)
  An oklob plant (Lair:2)
  2 deep elf magi
  2 mana vipers (Snake:1)
  17 ugly things
  5 cyclopes
  An orc sorcerer (Orc:2)
  A necromancer (D:14)
  3 manticores
  6 slime creatures
  8 elephants
  A salamander (Snake:1)
  2 rust devils (D:5)
  12 black mambas
  7 naga magi (Snake:1)
  A torpor snail (Lair:2)
  15 spiny frogs
  6 molten gargoyles (D:13)
  An efreet (D:15)
  2 freezing wraiths (D:12)
  3 rime drakes
  7 komodo dragons
  A komodo dragon (shapeshifter) (D:15)
  A harpy zombie (D:15)
  3 tengu conjurers
  4 hornets
  6 trolls
  5 polar bears
  4 dream sheep
  5 hippogriffs
  12 blink frogs
  A shadow (D:15)
  3 wyverns
  3 spriggans (Lair:6)
  2 basilisks
  46 yaks
  A wraith (D:12)
  2 hogs (D:15)
  4 hungry ghosts
  A steam dragon (Lair:4)
  A warg (Orc:1)
  A soldier ant (shapeshifter) (D:15)
  9 water moccasins
  An acid dragon (D:15)
  15 nagas
  2 soldier ants
  14 porcupines
  3 ice beasts
  18 orc warriors
  2 black bears (D:9)
  An eye of draining (shapeshifter) (D:15)
  2 phantoms
  34 ogres
  6 sky beasts
  An eye of draining (D:12)
  21 wolves
  19 centaurs
  2 necrophages
  16 crocodiles
  19 bullfrogs
  A wyvern skeleton (D:10)
  7 scorpions
  4 wights (D:6)
  2 spectral ogres (Orc:1)
  5 howler monkeys
  2 electric eels (Snake:1)
  10 crimson imps
  4 centaur zombies
  6 jellies
  A quasit (D:12)
  8 hounds
  3 bullfrog skeletons
  10 centaur skeletons
  11 orc priests
  3 iguanas
  21 orc wizards
  2 spectral orcs (Orc:1)
  14 worker ants
  A killer bee zombie (D:7)
  A hound zombie (D:10)
  3 hound skeletons
  2 worker ant zombies (D:9)
  7 gnolls (D:3)
  2 howler monkey skeletons
  15 adders
  7 shadow imps
  3 white imps (Gauntlet)
  An ooze (D:2)
  3 orc simulacra (Orc:1)
  An adder zombie (D:7)
  4 worms
  3 dart slugs
  6 leopard geckos
  88 orcs
  A bat zombie (D:9)
  18 giant cockroaches
  7 goblins
  5 hobgoblins
  10 jackals
  11 kobolds
  6 quokkas
  8 bats
  2 frilled lizards
  A leopard gecko zombie (D:6)
  7 rats
  3 rat zombies (D:9)
  A plant (Lair:2)
817 creatures vanquished.

Vanquished Creatures (collateral kills)
  A two-headed ogre (Orc:1)
  An elephant (Lair:3)
  A blink frog (Lair:1)
  An orc wizard (D:11)
  A statue (D:6)
  A gnoll (D:3)
  2 adders (D:2)
  An orc (D:6)
9 creatures vanquished.

Vanquished Creatures (others)
  A human (D:15)
  An orc wizard (D:6)
  16 fungi
  29 plants
47 creatures vanquished.

Grand Total: 873 creatures vanquished

Notes
Turn   | Place    | Note
-------+----------+-------------------------------------------
     0 | D:1      | Goreval the Draconian Transmuter began the quest for the
                  | Orb.
     0 | D:1      | Reached XP level 1. HP: 16/16 MP: 3/3
   608 | D:1      | Reached XP level 2. HP: 20/23 MP: 5/5
   613 | D:1      | Learned a level 2 spell: Sticks to Snakes
  1758 | D:1      | Reached XP level 3. HP: 28/28 MP: 6/6
  2112 | D:2      | Learned a level 3 spell: Spider Form
  2545 | D:2      | Reached XP level 4. HP: 14/36 MP: 5/7
  2574 | D:2      | HP: 1/36 [poisoned by an adder]
  3036 | D:2      | Found a basalt altar of Yredelemnul.
  3165 | D:2      | Reached skill level 4 in Unarmed Combat
  3897 | D:3      | Found a shadowy altar of Dithmenos.
  3926 | D:3      | Reached XP level 5. HP: 8/42 MP: 1/8
  4376 | D:3      | Noticed a centaur
  4386 | D:3      | Killed a centaur
  4899 | D:3      | Reached XP level 6. HP: 50/50 MP: 9/9
  5257 | D:3      | Reached skill level 5 in Unarmed Combat
  6143 | D:4      | Reached skill level 5 in Transmutations
  6143 | D:4      | Your scales start taking on a golden yellow colour.
  6143 | D:4      | Reached XP level 7. HP: 29/57 MP: 6/10
  6143 | D:4      | Gained mutation: You are resistant to acid. (rCorr) [Yellow
                  | Draconian growth]
  7187 | D:5      | Entered Level 5 of the Dungeon
  7213 | D:5      | Reached skill level 6 in Unarmed Combat
  7553 | D:5      | Found a stormy altar of Qazlal.
  7948 | D:5      | Found a staircase to the Ecumenical Temple.
  7957 | Temple   | Entered the Ecumenical Temple
  8074 | Temple   | Became a worshipper of Warmaster Okawaru
  8116 | D:5      | Found a shimmering altar of Xom.
  8166 | D:5      | Reached XP level 8. HP: 36/66 MP: 8/11
  8438 | D:5      | Reached skill level 7 in Unarmed Combat
  8986 | D:6      | Reached * piety under Okawaru
  9241 | D:5      | Noticed a rust devil
  9241 | D:5      | Noticed a rust devil
  9274 | D:6      | Found a runed translucent door.
  9319 | D:6      | Reached skill level 8 in Unarmed Combat
  9681 | D:6      | Learned a level 5 spell: Blade Hands
  9773 | D:6      | Found a radiant altar of Vehumet.
 10093 | D:6      | Identified the +6 mace "Itonit" {freeze, rPois rF+ Str+8
                  | Int-5}
 10128 | D:6      | Reached skill level 1 in Invocations
 10246 | D:6      | Reached XP level 9. HP: 11/71 MP: 2/12
 10638 | D:6      | Found a roughly hewn altar of Beogh.
 11623 | D:7      | Reached ** piety under Okawaru
 11902 | D:7      | Reached skill level 9 in Unarmed Combat
 12385 | D:7      | Learned a level 3 spell: Ozocubu's Armour
 12538 | D:8      | Found a shattered altar of Ashenzari.
 13267 | D:8      | Reached *** piety under Okawaru
 13329 | D:8      | Found a staircase to the Lair.
 13424 | D:8      | Reached XP level 10. HP: 78/78 MP: 9/15
 13506 | D:8      | Reached skill level 10 in Unarmed Combat
 13693 | D:8      | Learned a level 2 spell: Swiftness
 13724 | D:8      | Paralysed by a hornet for 2 turns
 13787 | D:8      | Reached skill level 1 in Charms
 14164 | D:9      | Found an ancient bone altar of Kikubaaqudgha.
 14391 | D:9      | Reached skill level 10 in Transmutations
 14934 | D:9      | Reached **** piety under Okawaru
 14942 | D:9      | Found a roughly hewn altar of Beogh.
 14942 | D:9      | Found a staircase to the Orcish Mines.
 15728 | D:9      | Found Qyunaer's Gadget Shoppe.
 15762 | D:10     | Entered Level 10 of the Dungeon
 15790 | D:10     | Noticed a two-headed ogre
 15803 | D:10     | Killed a two-headed ogre
 16157 | D:10     | Found a sparkling altar of Nemelex Xobeh.
 16203 | D:10     | Reached skill level 11 in Unarmed Combat
 16205 | D:10     | Reached XP level 11. HP: 64/85 MP: 10/17
 16496 | D:10     | Reached ***** piety under Okawaru
 17013 | D:11     | Noticed a cyan ugly thing
 17075 | D:11     | Noticed a green ugly thing
 17089 | D:11     | Killed a green ugly thing
 17098 | D:11     | Found a gate leading to a gauntlet.
 17105 | Gauntlet | Entered a Gauntlet
 17105 | Gauntlet | Found a transporter.
 17207 | Gauntlet | Found a transporter.
 17207 | Gauntlet | Noticed a red ugly thing
 17207 | Gauntlet | Noticed a white ugly thing
 17210 | Gauntlet | Found a transporter.
 17210 | Gauntlet | Noticed a death ooze
 17211 | Gauntlet | Noticed a great orb of eyes
 17241 | Gauntlet | Found a transporter.
 17243 | Gauntlet | Found a transporter.
 17246 | Gauntlet | Noticed a thrashing horror
 17293 | Gauntlet | Found a transporter.
 17298 | Gauntlet | Killed a death ooze
 17298 | Gauntlet | Reached skill level 5 in Fighting
 17317 | Gauntlet | Found a transporter.
 17319 | Gauntlet | Noticed a wizard
 17320 | Gauntlet | Noticed a wizard
 17372 | Gauntlet | Killed a wizard
 17372 | Gauntlet | Reached skill level 5 in Charms
 17376 | Gauntlet | Killed a wizard
 17376 | Gauntlet | Received a gift from Okawaru
 17401 | Gauntlet | Found a transporter.
 17610 | Gauntlet | Noticed a minotaur
 17625 | Gauntlet | Killed a minotaur
 17957 | D:11     | Killed a cyan ugly thing
 17957 | D:11     | Reached skill level 5 in Invocations
 18193 | D:11     | Paralysed by a hornet for 1 turns
 18432 | D:11     | Noticed a purple ugly thing
 18440 | D:11     | Killed a purple ugly thing
 18602 | D:11     | Noticed a two-headed ogre
 18610 | D:11     | Killed a two-headed ogre
 18610 | D:11     | Reached skill level 12 in Unarmed Combat
 19102 | Lair:1   | Entered Level 1 of the Lair of Beasts
 19168 | Lair:1   | Reached skill level 5 in Dodging
 19168 | Lair:1   | Reached XP level 12. HP: 30/96 MP: 4/18
 19183 | Lair:1   | Learned a level 4 spell: Petrify
 19680 | Lair:1   | Noticed a seven-headed hydra
 19975 | Lair:1   | Killed a seven-headed hydra
 20528 | Lair:1   | Noticed a five-headed hydra
 20538 | Lair:1   | Killed a five-headed hydra
 21128 | Lair:2   | Received a gift from Okawaru
 21150 | Lair:1   | HP: 4/97 [bullfrog (4)]
 21174 | Lair:1   | Reached ****** piety under Okawaru
 22783 | Lair:3   | Reached skill level 13 in Unarmed Combat
 23037 | Lair:3   | Received a gift from Okawaru
 23043 | Lair:3   | Got a polished quarterstaff {god gift}
 23390 | Lair:3   | Reached XP level 13. HP: 93/106 MP: 9/19
 23999 | Lair:3   | Found a staircase to the Snake Pit.
 24263 | Lair:4   | Found a staircase to the Shoals.
 24550 | Lair:4   | Received a gift from Okawaru
 26104 | Lair:5   | Found a staircase to the Slime Pits.
 26131 | Lair:5   | Reached skill level 14 in Unarmed Combat
 27116 | Lair:5   | Found a bloodstained altar of Trog.
 27838 | Lair:6   | Entered Level 6 of the Lair of Beasts
 28310 | Lair:6   | Received a gift from Okawaru
 28746 | Lair:6   | Gained mutation: You have acidic saliva. [Yellow Draconian
                  | growth]
 28746 | Lair:6   | Reached XP level 14. HP: 106/118 MP: 11/20
 29135 | Lair:6   | Received a gift from Okawaru
 30071 | Lair:6   | Reached skill level 5 in Spellcasting
 30594 | Lair:6   | Identified the Tome of Assistive Toxins
 30737 | Lair:6   | Learned a level 2 spell: Song of Slaying
 31610 | D:12     | Found a runed translucent gate.
 31610 | D:12     | Found a runed translucent gate.
 31610 | D:12     | Found a runed translucent gate.
 31610 | D:12     | Noticed a red very ugly thing
 31610 | D:12     | Noticed a brown very ugly thing
 31654 | D:12     | Noticed Rupert
 31678 | D:12     | Killed Rupert
 32728 | Orc:1    | Entered Level 1 of the Orcish Mines
 32840 | Orc:1    | Received a gift from Okawaru
 32852 | Orc:1    | Reached skill level 15 in Unarmed Combat
 32947 | Orc:1    | Found a transporter.
 32949 | Orc:1    | Noticed an orc warlord
 33202 | Orc:1    | Found Zoado's Food Emporium.
 33252 | Orc:1    | Found a runed translucent gate.
 33252 | Orc:1    | Found a runed translucent gate.
 33252 | Orc:1    | Found a runed translucent gate.
 33254 | Orc:1    | Noticed Qaicwuxe's ghost (journeyman DsNe)
 33372 | Orc:1    | Killed Qaicwuxe's ghost
 33372 | Orc:1    | Reached skill level 10 in Fighting
 33586 | Orc:1    | Found a roughly hewn altar of Beogh.
 33586 | Orc:1    | Found a transporter.
 33601 | Orc:2    | Entered Level 2 of the Orcish Mines
 33628 | Orc:2    | Found a bloodstained altar of Trog.
 33808 | Orc:2    | Reached XP level 15. HP: 80/126 MP: 19/24
 34055 | Orc:2    | Received a gift from Okawaru
 34198 | Orc:2    | Received a gift from Okawaru
 34504 | Orc:2    | Found Gismau's Book Emporium.
 34509 | Orc:2    | Found Qalokhlot's Book Boutique.
 34528 | Orc:2    | Found Ehyopn's Book Shoppe.
 34528 | Orc:2    | Found Lufroskeoken's Armour Boutique.
 34537 | Orc:2    | Bought a book of Transfigurations for 880 gold pieces
 34772 | Orc:1    | Found a radiant altar of Vehumet.
 35101 | Orc:2    | Found a staircase to the Elven Halls.
 35601 | D:13     | Found Moyff's Antique Armour Shoppe.
 35989 | D:13     | Received a gift from Okawaru
 35992 | D:13     | Got a fine buckler {god gift}
 35999 | D:13     | Identified the +6 buckler "Poggite" {Int+4 Dex+4} (Okawaru
                  | gifted it to you on level 13 of the Dungeon)
 37330 | D:14     | Found Omioshre's Magic Scroll Boutique.
 37348 | D:14     | Bought a scroll of summoning for 161 gold pieces
 37348 | D:14     | Bought a scroll of teleportation for 51 gold pieces
 37348 | D:14     | Bought a scroll of identify for 34 gold pieces
 37484 | D:14     | Got a polished mace
 37700 | D:14     | Found a gate to the Vaults.
 37736 | D:14     | Reached skill level 16 in Unarmed Combat
 38312 | D:15     | Entered Level 15 of the Dungeon
 38312 | D:15     | Noticed Kirke
 38320 | D:15     | Killed Kirke
 39001 | D:15     | Found Wehur's Antique Weapon Shop.
 39003 | D:15     | Noticed Agnes
 39036 | D:15     | Killed Agnes
 39337 | D:15     | Received a gift from Okawaru
 39354 | D:15     | Reached XP level 16. HP: 122/137 MP: 26/26
 39523 | D:15     | Reached skill level 15 in Transmutations
 39531 | D:15     | Found Xoigha's Magic Scroll Shop.
 39836 | D:15     | Found Apef's Distillery.
 39886 | D:15     | Bought a potion of agility for 40 gold pieces
 39886 | D:15     | Bought a potion of magic for 80 gold pieces
 39886 | D:15     | Bought a potion of might for 40 gold pieces
 40130 | D:15     | Paralysed by a hornet for 2 turns
 40214 | D:15     | Noticed Louise
 40225 | D:15     | Killed Louise
 40366 | D:15     | Found Niwnes's Jewellery Emporium.
 40411 | D:15     | Bought an uncursed ring of see invisible for 195 gold
                  | pieces
 40450 | D:15     | Found a blossoming altar of Fedhas.
 40493 | D:15     | Found a shimmering blue altar of Sif Muna.
 40602 | D:15     | Received a gift from Okawaru
 40855 | D:15     | Found a staircase to the Depths.
 41253 | Snake:1  | Entered Level 1 of the Snake Pit
 42179 | Snake:1  | Learned a level 7 spell: Dragon Form
 42658 | Snake:1  | Identified the +5 broad axe of Dung {antimagic, rF++}
 42708 | Snake:1  | Slain by a salamander

Levels and vault maps discovered:
D:1:      wheals_arrival_shading, layout_basic
D:2:      layout_rooms, lemuel_doored_altar, minmay_hexomino_p4
D:3:      layout_loops_cross, nicolae_dithmenos_through_a_glass_darkly
D:4:      layout_loops_ring, first_ration
D:5:      cheibrodos_iron_armory, layout_cave_pools, led_xom_imps,
          minmay_temple_entry_poolview, grunt_qazlal_sundering
D:6:      layout_gridville, vehumet_statue, lightli_church_of_beogh
D:7:      layout_layer_cave
D:8:      layout_cave_pools, nicolae_ashenzari_panopticon,
          minmay_lair_entry_grove, hangedman_pestilent_swarm
D:9:      layout_loops_corners, lemuel_zombie_altar_kikubaaqudgha, david_orc_5,
          serial_shops, kennysheep_mini_moat
D:10:     layout_basic, nemelex_diamond_rough_becter
D:11:     layout_cave_pools, gauntlet_entry_generic
D:12:     layout_cave_pods, ploomutoo_gammafunk_ghost_potion_laboratory,
          uniq_rupert
D:13:     cheibrodos_statue_roulette, layout_long_grid, serial_shops,
          nicolae_shop_overgrown_old_shop
D:14:     layout_loops_ring, david_vaults_1, serial_shops, shop, serial_glass,
          glass_columns_a, glass_columns_b, bh_walls_and_bars,
          grunt_decor_arrowhead
D:15:     gammafunk_enter_depths_forms, layout_basic, tgw_sif, serial_shops,
          shop, shop, nicolae_shop_stone, nicolae_shop_behind_doors,
          fedhas_altar_3, uniq_kirke, uniq_louise, uniq_agnes
Temple:   eino_temple_rhombus
Lair:1:   layout_roguey, st_stairs_3, beast_lair_carwin_10,
          infiniplex_staircase_pool_2
Lair:2:   layout_chaotic_city, minmay_lair_oklob_chamber
Lair:3:   layout_long_grid, minmay_snake_entry_guardpost_medium,
          cheibrodos_lair_lostbears
Lair:4:   layout_cave_pods, minmay_shoals_entry_beasts, beast_lair_carwin_6
Lair:5:   layout_loops_ring, slime_dummy, serial_bayou_pond_a,
          lemuel_centaur_altar
Lair:6:   hangedman_lair_in_review, layout_layer_cave, wad_woods_02
Snake:1:  cheibrodos_snake_ritualist_ritual, layout_gridlike,
          serial_bayou_pond_e, serial_bayou_shore_b, serial_bayou_shore_b,
          serial_bayou_shore_a
Orc:1:    gammafunk_beogh_shrine, layout_caves, serial_shops,
          nicolae_shop_window_shopping, gammafunk_ghost_necromancy, basic_altar
Orc:2:    st_orc_ogre_mass, layout_caves, basic_altar

Skill      XL: |  1  2  3  4  5  6  7  8  9 10 11 12 13 14 15 16 |
---------------+-------------------------------------------------+-----
Dodging        | 2 3 5 6 7 8 9 |  9.0
Transmutations | 3 4 5 6 7 9 10 11 12 13 14 15 | 15.9
Fighting       | 2 3 4 6 7 9 10 11 | 11.0
Unarmed Combat | 4 5 6 8 9 11 12 13 14 15 16 | 16.7
Invocations    | 1 3 4 5 6 |  6.0
Spellcasting   | 3 4 6 7 8 |  8.0
Charms         | 4 6 7 8 |  8.0

Action                   |  1- 3 |  4- 6 |  7- 9 | 10-12 | 13-15 | 16-18 || total
-------------------------+-------+-------+-------+-------+-------+-------++-------
Melee: Unarmed           |   158 |   237 |   543 |   625 |   913 |   230 ||  2706
       Tailslap          |    16 |    18 |    51 |    64 |    87 |    30 ||   266
       Punch             |     3 |     2 |    14 |    28 |    47 |    12 ||   106
       Kick              |     2 |     8 |     9 |       |       |       ||    19
       Headbutt          |     1 |     5 |    17 |       |       |       ||    23
       Bite              |       |       |       |       |    52 |    23 ||    75
Throw: Stone             |    28 |    11 |    63 |     6 |     9 |       ||   117
 Cast: Beastly Appendage |     3 |    10 |    16 |       |       |       ||    29
       Sticks to Snakes  |     2 |     7 |    14 |    18 |    16 |       ||    57
       Spider Form       |       |     4 |    17 |       |       |       ||    21
       Blade Hands       |       |       |     4 |    59 |   109 |    16 ||   188
       Ozocubu's Armour  |       |       |       |     6 |     5 |       ||    11
       Petrify           |       |       |       |     1 |       |       ||     1
       Dragon Form       |       |       |       |       |       |     1 ||     1
Invok: Heroism           |       |       |       |     6 |    21 |     4 ||    31
       Finesse           |       |       |       |     1 |     3 |     1 ||     5
 Abil: Breathe Acid      |       |       |     4 |     5 |     8 |     4 ||    21
Evoke: Wand              |       |       |       |     6 |       |       ||     6
  Use: Scroll            |       |     5 |       |    11 |    13 |     2 ||    31
       Potion            |       |       |       |     5 |       |       ||     5
 Stab: Distracted        |       |       |     1 |     1 |     2 |       ||     4
       Sleeping          |       |       |       |     2 |     1 |     2 ||     5
       Petrified         |       |       |       |       |     4 |       ||     4
  Eat: Chunk             |     5 |    13 |    19 |    34 |    63 |     9 ||   143
       Ration            |       |       |     3 |     6 |     8 |     2 ||    19
Armor: Skin              |    47 |    63 |   121 |   211 |   251 |    76 ||   769
Dodge: Dodged            |    92 |   166 |   283 |   375 |   533 |   143 ||  1592
Block: Buckler           |       |       |       |       |     8 |    21 ||    29
